nickname, chaotic male human Rogue ----- |... |...| ------------ |....#######-%.........| a -+-.- |.[........| u # #` |...).[.....####oooo####` d:a a p #### ----.-------## a ## #)## ##oo## aY # # # i # o#### ####### aa @ # ---.--- * -.-------------- ------|- i|...#).##*#####|...........ddf| @ |....... |.....| # |.........[.)d@| |......| |..<..| #o+..........).d/| |.......# ------- ---------------- |..[<..| ---+---- nickname the Rogue Experience level: 7 Strength: 7 Dexterity: 17 Constitution: 18 Intelligence: 10 Wisdom: 11 Charisma: 7 Health: 0(64) Energy: 37(37) Def: 5 Gold: 1205 Moves: 9156 Dungeon seed: s21fPHYwGT1_N5kR Game ID: nickname_1528461784 Your Inventory: Coins $ - 1205 gold pieces Weapons b - 3 +0 daggers (in quiver) n - a +1 dagger x - 33 +0 darts A - a +1 dwarvish short sword (weapon in hand) C - 5 +0 daggers Armor q - an uncursed -1 dwarvish roundshield (being worn) B - an uncursed +0 dwarvish iron helm (being worn) W - a cursed +0 cloak of magic resistance Y - an uncursed +0 pair of iron shoes (being worn) Comestibles I - an uncursed tin of coyote meat O - an uncursed orange S - an uncursed sprig of wolfsbane Z - an uncursed food ration Scrolls a - 2 uncursed scrolls of blank paper G - a cursed scroll of teleportation V - a cursed scroll of remove curse Potions c - an uncursed potion of sickness Q - 2 uncursed potions of sleeping Rings o - an uncursed ring of see invisible (on left hand) u - an uncursed ring of conflict U - an uncursed +2 ring of gain strength Wands k - a blessed wand of light (0:14) p - a wand of opening (0:6) P - a wand of slow monster (0:6) Tools d - an uncursed lock pick f - an uncursed sack h - an uncursed stethoscope r - an uncursed bag of holding s - an uncursed magic whistle t - an uncursed credit card v - an uncursed blindfold (being worn) z - 3 uncursed tallow candles (0:200) Gems e - an uncursed luckstone g - an uncursed worthless piece of green glass Contents of the bag of holding: 10 uncursed food rations an uncursed scroll of create monster an uncursed scroll of earth a cursed potion of fruit juice a blessed potion of gain energy a blessed potion of healing an uncursed potion of healing an uncursed potion of monster detection a cursed ring of hunger a cursed ring of sustain ability an uncursed ring of teleport control an uncursed oil lamp (0:959) Spells and supernatural/magical abilities: Name Level Category Fail Memory W - pray for help -- divine ? -- Your skills at the end: Fighting Skills Weapon Skills dagger [Skilled] short sword [Basic] Spellcasting Skills Final Attributes: You were piously aligned. You saw invisible. You were telepathic. You were stealthy. You were lucky. You had extra luck. Bad luck did not time out for you. Good luck did not time out for you. You are dead. Vanquished creatures: 2 giant mimics a giant beetle a spotted jelly 2 leprechauns a lizard a rock piercer 3 rock moles a pony a yellow light a shrieker a violet fungus 3 gnome lords a kobold mummy a black naga hatchling 3 guardian naga hatchlings a gray ooze an elf zombie 2 straw golems a paper golem 2 baby crocodiles 2 giant ants a little dog a floating eye 2 kittens 5 dwarves a homunculus 2 kobold lords 2 kobold shamans 14 hill orcs 4 rothes 2 centipedes a giant bat 7 dwarf zombies 2 werejackals 4 iguanas 3 killer bees 2 acid blobs 2 coyotes 4 hobbits 2 large kobolds 3 hobgoblins 4 giant rats 2 cave spiders a brown mold 3 yellow molds 2 red molds 7 gnomes 4 garter snakes 2 gnome zombies 3 geckos 6 jackals 4 foxes 6 kobolds 3 goblins 5 sewer rats 13 grid bugs a bat 8 lichens 6 kobold zombies 20 newts 196 creatures vanquished. Voluntary challenges: You had been an atheist until turn 2844. You used a wielded weapon 101 times, starting on turn 116. You read items or engraved 22 times, starting on turn 106. You never genocided any monsters. You never polymorphed an object. You never changed form. You used no wishes. You never split a pudding. You wrote Elbereth's name 10 times, starting on turn 1539. You never violated your personal moral code. Dungeon overview: The Dungeons of Doom: levels 1 to 6 Level 1 some fountains a long staircase Level 2 Level 3 a hardware shop, some fountains stairs to The Gnomish Mines Level 4 Level 5 many fountains Level 6 <- You were here an altar to Kos, a sink stairs to Sokoban The Gnomish Mines: Level 4 stairs to The Dungeons of Doom Sokoban: levels 2 to 5 Level 2 Level 3 Level 4 Level 5 stairs to The Dungeons of Doom History has recorded: On T:1 you entered the Dungeons of Doom to retrieve the Amulet of Yendor! On T:404 you reached level 2 of The Dungeons of Doom. On T:558 you advanced to experience level 2. On T:807 you reached level 3 of The Dungeons of Doom. On T:990 you advanced to experience level 3. On T:1088 you reached level 1 of The Gnomish Mines. On T:1219 you advanced to experience level 4. On T:1547 you reached level 4 of The Dungeons of Doom. On T:2188 you reached level 5 of The Dungeons of Doom. On T:2316 you advanced to experience level 5. On T:2660 you reached level 6 of The Dungeons of Doom. On T:2989 you reached level 4 of Sokoban. On T:3352 you reached level 3 of Sokoban. On T:4525 you reached level 2 of Sokoban. On T:5013 you advanced to experience level 6. On T:5774 you reached level 1 of Sokoban. On T:7441 you advanced to experience level 7. Score breakdown: Gold: 1205 (10481 points) Experience: 7 levels (13645 points) Exploration: 6 levels ( 13.04%) (10000 points) Discoveries: 20 items ( 6.71%) ( 7771 points) Valuables value: (no points given unless you survive) Artifact value: 0 ( 0 points) Variety of kills: 60 monsters ( 15.75%) (11905 points) Turncount: 9156 turns (-2248 points) Survival: died (score multiplied by 80%) Total score: 41243 Latest messages: There are a few objects here. You throw 3 daggers. You displace your large cat. You try to feel what is here. There is an altar to Kos (chaotic) here. You feel here a hill orc corpse. You throw 2 daggers. The 1st dagger hits the wolf. The 2nd dagger hits the wolf. The wolf bites! You hit the wolf. The wolf bites! The wolf just misses! The wolf bites! You hit the wolf. The wolf bites! (3x) You make a motion towards the altar with your fingers. The voice of Kos rings out: "How darest thou desecrate my altar!" You feel foolish! As you pronounce the formula on it, the scroll disappears. You shudder for a moment. The wolf bites! (4x) You die... Final status: Goodbye nickname the Rogue, killed by a wolf... You died in The Dungeons of Doom on dungeon level 6 with 41243 points, and 1205 pieces of gold, after 9156 moves. You were level 7 with a maximum of 64 hit points when you died.